Map: Nightshade LE

Players

Reynor - Winner!

  • Race: Zerg Zerg
  • Spawn Location: 5:00

Dream

  • Race: Terran Terran
  • Spawn Location: 11:00

Event: StayAtHomestory Cup #1

VOD

Have the link to the VOD?

Description

Time

  • Played on: April 11, 2020, 7:51 a.m.
  • Length: 11:44

All games in this series

Show
View Real Time Build Order
Export as new Build Order

Reynor Zerg - Winner!

Build Orders: Pool First 

Get SALT Encoding   

  12  0:01  Drone  
  13  0:12  Overlord  
  13  0:17  Drone  
  14  0:30  Drone  
  14  0:31  Drone  
  16  0:40  Spawning Pool  
  15  0:44  Drone  
  15  0:47  Drone  
  17  1:09  Hatchery  
  17  1:11  Drone  
  17  1:14  Extractor  
  16  1:27  Zergling x4  
  16  1:28  Zergling x2  
  19  1:40  Roach Warren  
  19  1:44  Queen  
  20  1:49  Drone  
  21  1:56  Overlord  
  21  2:20  Roach x2  
  21  2:22  Roach x2  
  29  2:33  Queen  
  30  2:43  Drone  
  29  2:45  Ravager  
  29  2:46  Drone  
  29  2:47  Drone  
  32  2:54  Overlord  
  32  2:59  Drone  
  32  3:02  Drone  
  34  3:06  Drone  
  34  3:12  Ravager  
  36  3:14  Drone x2  
  36  3:17  Drone  
  39  3:20  Drone  
  40  3:28  Drone x3  
  43  3:37  Drone  
  43  3:41  Drone  
  43  3:44  Overlord  
  43  3:45  Overlord  
  43  3:47  Ravager  
  44  4:06  Overlord  
  44  4:07  Ravager  
  44  4:09  Hatchery  
  44  4:11  Drone x3  
  44  4:14  Drone  
  44  4:16  Drone  
  49  4:22  Drone x2  
  49  4:23  Drone  
  52  4:28  Queen  
  54  4:38  Overlord  
  51  4:44  Metabolic Boost  
  42  4:46  Queen  
  42  4:47  Drone  
  42  4:48  Drone x2  
  42  4:49  Extractor  
  46  4:53  Drone x2  
  46  4:56  Zergling x6  
  46  4:59  Zergling x4  
  53  5:03  Zergling x4  
  55  5:07  Drone  
  55  5:09  Queen  
  55  5:12  Spore Crawler  
  57  5:16  Zergling x4  
  57  5:20  Drone x3  
  62  5:30  Roach x2  
  62  5:31  Roach x2  
  62  5:33  Overlord  
  70  5:37  Roach  
  70  5:41  Spore Crawler  
  71  5:45  Spore Crawler, Overlord  
  71  5:57  Drone x4  
  70  5:58  Spore Crawler  
  70  6:00  Drone x2  
  74  6:06  Drone x3  
  74  6:08  Drone  
  74  6:10  Drone x2  
  74  6:11  Drone  
  78  6:12  Drone  
  78  6:16  Lair  
  78  6:17  Drone  
  75  6:26  Drone x7  
  75  6:27  Drone  
  79  6:34  Drone  
  79  6:39  Drone x2  
  82  6:41  Queen  
  82  6:42  Evolution Chamber x2  
  82  6:43  Extractor  
  82  6:44  Extractor, Overlord  
  78  6:52  Zergling x8  
  82  6:54  Overlord  
  82  7:00  Drone x2  
  82  7:01  Queen  
  82  7:03  Extractor, Overlord  
  82  7:04  Extractor, Drone x2  
  82  7:05  Drone  
  85  7:09  Zerg Ground Armor Level 1, Zerg Missile Weapons Level 1  
  85  7:13  Overseer  
  85  7:14  Drone x2  
  87  7:16  Drone  
  87  7:19  Glial Reconstitution, Drone  
  89  7:23  Drone  
  88  7:34  Roach x3  
  90  7:38  Roach x3  
  90  7:41  Roach x2  
  100  7:46  Roach  
  100  7:48  Overlord  
  102  7:52  Overlord  
  102  7:54  Hatchery, Roach x2  
  102  7:58  Overlord  
  104  8:03  Roach  
  105  8:05  Queen  
  105  8:09  Roach x3  
  105  8:10  Overlord  
  105  8:12  Roach x5  
  122  8:21  Roach x3  
  122  8:22  Drone  
  122  8:24  Baneling Nest  
  122  8:26  Roach  
  130  8:31  Pneumatized Carapace  
  130  8:32  Roach  
  132  8:38  Overlord  
  132  8:39  Roach x2  
  132  8:40  Roach, Overlord  
  135  8:51  Overlord  
  135  8:59  Overlord  
  135  9:03  Roach  
  135  9:04  Roach x4  
  135  9:05  Overlord  
  135  9:08  Overlord  
  145  9:14  Overlord  
  145  9:15  Centrifical Hooks  
  141  9:20  Overlord  
  141  9:27  Overlord  
  141  9:30  Zerg Melee Weapons Level 1  
  141  9:32  Drone x10  
  141  9:37  Queen  
  152  9:38  Overlord  
  152  9:39  Spore Crawler  
  152  9:40  Drone x3  
  152  9:42  Queen  
  156  9:46  Queen  
  156  9:51  Overlord  
  158  9:53  Zergling x10  
  158  9:56  Zergling x4  
  158  9:59  Zergling x2  
  166  10:04  Ravager x2  
  166  10:06  Zergling x4  
  166  10:07  Zergling x2, Ravager x2  
  171  10:08  Ravager x2  
  171  10:13  Infestation Pit  
  171  10:14  Zergling x10  
  179  10:16  Ravager x2  
  179  10:17  Roach  
  179  10:18  Overlord  
  183  10:23  Overlord  
  183  10:30  Overlord x2  
  183  10:31  Hatchery  
  181  10:38  Roach  
  181  10:39  Overlord  
  181  10:43  Zergling x18  
  181  10:46  Roach x2  
  188  10:50  Zergling x6  
  188  10:55  Zergling x4  
  193  10:58  Drone  
  193  11:02  Drone x5  
  190  11:05  Ravager x2  
  190  11:08  Hatchery  
  190  11:09  Zergling x8, Roach  
  190  11:10  Baneling x5  
  190  11:11  Baneling x5  
  197  11:12  Zergling x2  
  197  11:19  Ravager x2  
Show
View Real Time Build Order
Export as new Build Order

Dream Terran 

Build Orders: Reaper Expand 

Get SALT Encoding   

  12  0:00  SCV  
  13  0:13  SCV  
  14  0:17  Supply Depot  
  14  0:25  SCV  
  15  0:38  SCV  
  15  0:39  Barracks  
  16  0:43  Refinery  
  16  0:51  SCV  
  17  1:03  SCV  
  18  1:15  SCV  
  19  1:27  Orbital Command, Reaper  
  20  1:38  Command Center  
  20  1:53  SCV, Supply Depot  
  21  1:58  Marine  
  22  2:03  Factory  
  22  2:06  SCV  
  23  2:10  Refinery  
  23  2:16  Marine  
  23  2:18  SCV  
  25  2:30  SCV  
  25  2:34  Marine  
  23  2:42  SCV  
  24  2:46  Starport  
  24  2:47  Hellion  
  26  2:54  SCV, Barracks Reactor  
  27  3:01  Bunker  
  27  3:06  SCV  
  27  3:09  Factory Tech Lab  
  28  3:18  SCV  
  28  3:28  Cyclone  
  28  3:31  SCV  
  28  3:33  Marine  
  31  3:34  Marine  
  32  3:43  SCV  
  32  3:47  Medivac  
  33  3:57  SCV  
  34  4:09  SCV  
  35  4:25  SCV  
  35  4:26  Cloaking Field  
  35  4:31  Banshee  
  38  4:37  SCV  
  37  4:49  Factory Reactor, Barracks Tech Lab  
  37  4:50  SCV  
  37  4:52  Command Center  
  37  4:57  Supply Depot  
  37  5:01  Orbital Command  
  37  5:02  SCV  
  38  5:08  Stimpack  
  38  5:18  Banshee  
  41  5:26  SCV  
  41  5:28  Marine, Supply Depot  
  43  5:36  SCV, Barracks  
  43  5:38  SCV  
  45  5:46  Marine  
  45  5:48  SCV  
  45  5:49  Factory Reactor  
  46  5:51  Barracks  
  46  5:54  SCV  
  47  6:00  SCV  
  48  6:04  Marine  
  48  6:06  SCV  
  48  6:07  SCV  
  47  6:12  SCV  
  47  6:13  Banshee  
  47  6:18  SCV  
  50  6:22  Marine  
  45  6:25  SCV x2  
  45  6:33  Marine  
  45  6:34  Marine  
  45  6:35  SCV  
  45  6:40  Marine  
  45  6:44  SCV  
  45  6:45  SCV  
  48  6:51  Marine x2  
  48  6:53  SCV  
  51  6:58  SCV  
  51  6:59  Combat Shield  
  52  7:02  SCV  
  52  7:05  Marine x3  
  52  7:06  Starport Reactor  
  52  7:07  SCV  
  57  7:08  Marine  
  57  7:10  Marine  
  59  7:15  SCV x2  
  59  7:20  Siege Tank  
  64  7:25  SCV  
  64  7:27  Marine  
  64  7:28  SCV, Marine  
  64  7:29  Marine  
  69  7:34  Marine  
  69  7:36  Refinery  
  69  7:37  Refinery  
  68  7:43  Supply Depot  
  68  7:44  Supply Depot, Orbital Command  
  68  7:45  SCV  
  68  7:50  Medivac  
  70  7:52  Medivac  
  70  7:58  SCV  
  73  8:00  Marine  
  73  8:01  Marine  
  73  8:02  Marine x2  
  73  8:04  Marine  
  78  8:11  SCV x2  
  80  8:17  Engineering Bay  
  80  8:20  Engineering Bay  
  80  8:21  Marine x4  
  80  8:23  SCV  
  80  8:24  Orbital Command  
  85  8:28  Marine  
  85  8:29  SCV  
  87  8:35  SCV  
  87  8:36  Supply Depot  
  87  8:37  Barracks  
  88  8:42  SCV, Barracks  
  88  8:47  Marine, SCV  
  88  8:48  Marine  
  90  8:50  SCV  
  90  8:54  SCV  
  91  8:57  Supply Depot  
  91  8:59  SCV  
  91  9:00  Marine x3  
  93  9:05  Marine, Terran Infantry Weapons Level 1  
  93  9:06  Marine, SCV  
  93  9:08  Orbital Command  
  97  9:10  Terran Infantry Armor Level 1  
  97  9:15  Medivac x2, Siege Tank  
  98  9:18  SCV x2  
  96  9:27  Marine x4  
  96  9:28  Marine  
  96  9:30  SCV  
  97  9:32  Barracks Reactor x2  
  97  9:33  SCV  
  98  9:39  SCV  
  98  9:44  Marine  
  98  9:45  Marine  
  100  9:46  Armory  
  100  9:47  SCV, Supply Depot  
  101  9:53  SCV  
  101  9:55  Supply Depot  
  101  9:57  Marine  
  101  10:08  Supply Depot x3  
  101  10:09  Marine x2, SCV x2  
  105  10:18  Marine x7  
  105  10:20  SCV, Supply Depot  
  115  10:21  SCV x2, Supply Depot  
  115  10:25  Siege Tank  
  115  10:26  Marine  
  116  10:29  Medivac  
  116  10:30  Orbital Command  
  118  10:35  Marine  
  118  10:36  Marine x2  
  118  10:38  Marine  
  118  10:39  Marine  
  118  10:41  Marine x2  
  124  10:46  Marine x2  
  124  10:48  SCV  
  124  10:49  SCV  
  122  10:53  Marine x2  
  122  11:00  Siege Tank  
  124  11:07  Marine x3  
  124  11:08  Marine x4  
  127  11:11  Marine  
  127  11:12  Medivac  
  130  11:18  Marine  
  130  11:25  Marine  
  131  11:26  Marine  
Tags
 
Add a new tag
Caveats
  • Supply blocks, unpowered buildings, or Contaminate may cause inaccurate times.
  • Supply counts are checked every 10 seconds.